 Dungeon Crawl Stone Soup version 0.28-a0-662-g1651b1f1e0 (webtiles) character file.

Game seed: 2703380057667682432

64 ytrimaz the Insei (level 4, 0/28 HPs)
             Began as an Octopode Transmuter on Oct 15, 2021.
             Slain by a gnoll (5 damage)
             ... on level 3 of the Dungeon.
             The game lasted 00:02:30 (2491 turns).

ytrimaz the Insei (Octopode Transmuter)             Turns: 2491, Time: 00:02:31

Health: 0/28       AC:  1    Str:  9    XL:     4   Next: 12%
Magic:  6/7        EV: 13    Int: 16    God:
Gold:   143        SH:  0    Dex: 12    Spells: 6/7 levels left

rFire   . . .      SeeInvis .     - Unarmed
rCold   . . .      Faith    .   (no shield)
rNeg    . . .      Spirit   .   (helmet currently unavailable)
rPois   .          Reflect  .   (no amulet)
rElec   .          Harm     .   (no ring)
rCorr   .          Rampage  .   (no ring)
Will    .....                   (no ring)
Stlth   ++........              (no ring)
HPRegen 0.09/turn               (no ring)
MPRegen 0.10/turn               (no ring)
                                (no ring)
                                (no ring)

@: appendages
A: tentacle spike 3, almost no armour, amphibious, 8 rings, camouflage 1,
gelatinous body 1, (nimble swimmer 1), tentacles
a: End Transformation


You were on level 3 of the Dungeon.
One of your tentacles had grown a beastly spike.
You visited 1 branch of the dungeon, and saw 3 of its levels.

You collected 143 gold pieces.

Inventory:

Jewellery
 e - a ring of fire
Scrolls
 f - 2 scrolls of noise {unknown}
 g - a scroll of enchant weapon {unknown}
Potions
 a - 2 potions of heal wounds {unknown}
 b - 2 potions of curing {unknown}
 c - 2 potions of mutation {unknown}
 d - 2 potions of degeneration {unknown}


   Skills:
 + Level 1.1 Fighting
 - Level 2.0 Dodging
 + Level 4.8 Unarmed Combat
 - Level 2.0 Spellcasting
 - Level 2.0 Transmutations


You had 6 spell levels left.
You knew the following spells:

 Your Spells              Type           Power      Damage    Failure   Level
a - Beastly Appendage     Tmut           16%        N/A       9%          1

Your spell library contained the following spells:

 Spells                   Type           Power      Damage    Failure   Level
 Wereblood                Tmut           8%         N/A       14%         2
 Spider Form              Tmut/Pois      2%         N/A       38%         3
 Ice Form                 Ice/Tmut       4%         N/A       80%         4


Dungeon Overview and Level Annotations

Branches:
Dungeon (3/15)

Altars:
Xom


Innate Abilities, Weirdness & Mutations

One of your tentacles has grown a beastly spike.
You cannot wear most types of armour.
You are amphibious.
You can wear up to eight rings at the same time.
Your skin changes colour to match your surroundings (Stealth+).
Your rubbery body absorbs attacks. (AC +1, EV +1)
((You are camouflaged near water. (Stealth+)))
You have tentacles for arms and can constrict up to eight enemies at once.


Message History

The gnoll is severely wounded.
You constrict the gnoll. The gnoll hits you with a +0 whip.
You tentacle-slap the gnoll.
You kill the gnoll!
Things that are here:
a +0 whip; 23 stones; a gnoll corpse A gnoll is nearby!
A gnoll is nearby!
The gnoll barely misses you.
You closely miss the gnoll. You grab the gnoll. You constrict the gnoll.
The gnoll closely misses you.
You tentacle-slap the gnoll. You squeeze the gnoll!
The gnoll is almost dead.
You constrict the gnoll, but do no damage.
The gnoll hits you with a +0 spear.
You tentacle-slap the gnoll.
You kill the gnoll!
You have reached level 4!
c - 2 glowing pink potions (gained 1)
Things that are here:
a +0 spear; a gnoll corpse Your tentacle spike disappears.
You start resting.
A gnoll comes into view. It is wielding a +0 spear.
A gnoll is nearby!
The gnoll shouts!
The gnoll closely misses you.
Casting: Beastly Appendage (safe; 9% risk of failure)
Confirm with . or Enter, or press ? or * to list all spells.
One of your tentacles grows a vicious spike.
The gnoll hits you from afar with a +0 spear!
The gnoll hits you with a +0 spear.
* * * LOW HITPOINT WARNING * * *
You barely miss the gnoll. You grab the gnoll. You constrict the gnoll.
The gnoll closely misses you.
You tentacle-slap the gnoll but do no damage.
You squeeze the gnoll.
The gnoll is heavily wounded.
You constrict the gnoll. The gnoll hits you with a +0 spear.
You die...

...#...# ##≈≈≈≈≈≈≈##
##.#...# #≈≈≈≈≈≈≈#
...#.<#######≈≈≈≈≈###
...)........#######>#
...#.#####..##.## #.#
...#....###.....# #.#
#..g..#.# #.....###)#
#.....#.# ###..g.##.#
#.......###....#@.).#
##.#...#..#....####.#
#.#...#.....### #.#######
#.#..##.......# #....)..#
#.#..####.....# #######.#
##.#..##....#### #.#
...#####....##.# #.#
...##.....####.##########.#
...##.......#.............#


You could see a gnoll.

Vanquished Creatures
  2 gnolls (D:3)
  A dart slug (D:1)
  An orc (D:3)
  4 endoplasms
  A giant cockroach (D:1)
  5 goblins
  3 hobgoblins
  2 jackals (D:1)
  A quokka (D:1)
  5 ball pythons
  6 bats
  2 frilled lizards (D:1)
  3 kobolds
  4 rats
40 creatures vanquished.

Notes
Turn   | Place    | Note
-------+----------+-------------------------------------------
     0 | D:1      | ytrimaz the Octopode Transmuter began the quest for the
                  | Orb.
     0 | D:1      | Reached XP level 1. HP: 13/13 MP: 3/3
    60 | D:1      | Reached XP level 2. HP: 18/18 MP: 5/5
   107 | D:1      | Found a faded altar of an unknown god.
   499 | D:1      | Reached skill level 4 in Unarmed Combat
   751 | D:1      | Reached XP level 3. HP: 21/23 MP: 6/6
  2385 | D:3      | Found a shimmering altar of Xom.
  2482 | D:3      | Reached XP level 4. HP: 16/28 MP: 7/7
  2491 | D:3      | Slain by a gnoll

Illustrated notes

Levels and vault maps discovered:
D:1:      dpeg_arrival_orchard, layout_loops_cross,
          hellmonk_ecumenical_altar_blasted, minmay_hexomino_u4
D:2:      mumra_celtic_spiral_tile, layout_basic
D:3:      layout_basic, overflow_temple_1_default, hangedman_decor_push,
          nicolae_underground_beach

Skill      XL: |  1  2 |
---------------+-------+-----
Unarmed Combat | 4 |  4.8
Fighting       | |  1.1
Dodging        | |  2.0
Spellcasting   | |  2.0
Transmutations | |  2.0

Action                   |  1- 3 |  4- 6 || total
-------------------------+-------+-------++-------
Melee: Unarmed           |    77 |     2 ||    79
       Constrict         |    14 |     1 ||    15
       Tentacles         |    10 |     1 ||    11
       Punch             |     1 |       ||     1
 Cast: Beastly Appendage |     1 |     1 ||     2
 Stab: Distracted        |     1 |       ||     1
       Sleeping          |     6 |       ||     6
Armor: Skin              |    14 |       ||    14
Dodge: Dodged            |    51 |     2 ||    53

Table legend: (Time is in decaauts)
 A = Elapsed time spent in this place.
 B = Non-inter-level travel time spent in this place.
 C = Inter-level travel time spent in this place.
 D = Time resting spent in this place.
 E = Time spent auto-exploring this place.
 F = Levels seen in this place.
 G = Mean time per level.
                   A        B        C        D        E       F      G
               +--------+--------+--------+--------+--------+-----+--------+
         Total |   2484 |   2449 |     35 |    185 |   1887 |   3 |  828.0 |
       Dungeon |   2484 |   2449 |     35 |    185 |   1887 |   3 |  828.0 |
               +--------+--------+--------+--------+--------+-----+--------+

Top non-repeatable levels by time:
     D:2: 901 daAuts
     D:1: 896 daAuts
     D:3: 687 daAuts
